 Dungeon Crawl Stone Soup version 0.27-a0-1177-g245c70e (webtiles) character file.

Game seed: 11597443763875479635

380908 GeorgeSoros the Metallomancer (level 22, -2/132 HPs)
             Began as a Gargoyle Earth Elementalist on May 11, 2021.
             Was the Champion of Qazlal.
             Killed by divine providence
             ... invoked by a meliai
              (15 damage)
             ... on level 3 of the Abyss on May 16, 2021.
             The game lasted 04:49:25 (65103 turns).

GeorgeSoros the Metallomancer (GrEE)               Turns: 65103, Time: 04:49:26

Health: -2/132     AC: 47    Str: 13      XL:     22   Next: 88%
Magic:  15/44      EV:  7    Int: 31      God:    Qazlal [******]
Gold:   2935       SH:  0    Dex: 10 (13) Spells: 15/37 levels left

rFire    . . .     SeeInvis +   D - +9 dire flail (protect)
rCold    . . .     Faith    +   (shield currently unavailable)
rNeg     + . .     Spirit   .   p - +1 storm dragon scales
rPois    ∞         Reflect  .   B - +2 hat
rElec    +         Harm     .   n - +2 cloak {rCorr}
rCorr    +         Rampage  .   y - +1 pair of gloves
Will     .....                  N - +1 pair of boots of Mypsass {rPois Will- SInv}
Stlth    ..........             E - amulet of Viorashru {Faith rElec Regen+ Dex+3}
HPRegen  1.32/turn              X - +6 ring of intelligence
MPRegen  0.29/turn              x - ring of magical power

@: confused, ambrosia-drunk, protected from physical damage, flying, studying
Evocations, repel missiles
A: sickness immunity, AC +16, big wings, negative energy resistance 1,
electricity resistance, torment resistance 1, petrification resistance, beak,
see invisible
}: 2/15 runes: decaying, gossamer
a: Renounce Religion, Upheaval, Elemental Force, Disaster Area


You were on level 3 of the Abyss.
You worshipped Qazlal.
Qazlal was exalted by your worship.
You visited 7 branches of the dungeon, and saw 36 of its levels.
You visited the Abyss 2 times.
You visited 1 bazaar.
You also visited: Sewer, Ossuary, Gauntlet, Ice Cave and Desolation.

You collected 5939 gold pieces.
You spent 3004 gold pieces at shops.

Inventory:

Hand Weapons
 z - a +0 demon whip
 D - a +9 dire flail of protection (weapon)
 H - the +8 glaive of the Guard {elec, spectral, AC+5}
   (You found it on level 1 of the Vaults)

   Occasionally, upon striking a foe, it can discharge electrical energy and
   cause terrible harm.
   When it strikes, its spirit leaps out and fights alongside the wielder.
   It affects your AC (+5).
Missiles
 G - 6 throwing nets
 T - 5 boomerangs of dispersal
 Y - 16 curare-tipped darts
Armour
 n - a +2 cloak of preservation (worn)
 p - +1 storm dragon scales (worn)
 y - a +1 pair of gloves (worn)
 B - a +2 hat (worn)
 N - the +1 pair of boots of Mypsass (worn) {rPois Will- SInv}
   (You found it in a Gauntlet)

   It protects you from poison.
   It lets you see invisible.
   It decreases your willpower.
Jewellery
 b - a ring of wizardry
 w - the ring of Kideing {rC+ rN+ Int-5 Dex+3}
   (You took it off an orc on level 14 of the Dungeon)

   [ring of positive energy]

   It affects your intelligence (-5).
   It affects your dexterity (+3).
   It protects you from cold.
   It protects you from negative energy.
 x - a ring of magical power (right hand)
 A - an amulet of magic regeneration
 E - the amulet of Viorashru (around neck) {Faith rElec Regen+ Dex+3}
   (You acquired it on level 5 of the Dungeon)

   [amulet of faith]

   It allows you to gain divine favour quickly.
   It affects your dexterity (+3).
   It insulates you from electricity.
   It increases your rate of health regeneration.
 V - the ring "Tyrraow" {*Corrode Will+ Str+3 Int+2}
   (You bought it in a shop on level 2 of the Orcish Mines)

   [ring of willpower]

   It affects your strength (+3).
   It affects your intelligence (+2).
   It may corrode you when you take damage.
   It increases your willpower.
 X - a +6 ring of intelligence (left hand)
Wands
 a - a wand of acid (9)
 j - a wand of mindburst (88)
 I - a wand of paralysis (43)
 J - a wand of iceblast (34)
 K - a wand of charming (20)
 O - a wand of digging (9)
Scrolls
 g - a scroll of magic mapping
 k - 20 scrolls of teleportation
 r - 8 scrolls of amnesia
 u - 4 scrolls of fear
 L - 2 scrolls of summoning
 M - 3 scrolls of immolation
 P - 19 scrolls of identify
 S - 3 scrolls of silence
 U - 2 scrolls of fog
 Z - 2 scrolls of blinking
Potions
 c - 5 potions of brilliance
 d - 2 potions of ambrosia
 e - 2 potions of berserk rage
 f - 14 potions of curing
 h - 2 potions of invisibility
 i - 7 potions of might
 l - 10 potions of mutation
 m - 2 potions of magic
 q - a potion of haste
 t - 3 potions of resistance
 v - 7 potions of lignification
 C - a potion of cancellation
Miscellaneous
 o - a condenser vane (inert)
 F - a box of beasts
 Q - a lightning rod (1/4)
 R - a phial of floods


   Skills:
 + Level 12.1 Fighting
 - Level 6.7 Maces & Flails
 - Level 13.2 Armour
 - Level 2.0 Dodging
 - Level 2.1 Stealth
 - Level 8.0 Spellcasting
 + Level 20.3 Conjurations
 - Level 4.0 Transmutations
 + Level 23.6 Earth Magic
 + Level 18.5 Invocations
 - Level 12.0 Evocations


You had 15 spell levels left.
You knew the following spells:

 Your Spells              Type           Power      Damage    Failure   Level
a - Animate Armour        Summ/Erth      100%       N/A       4%          4
b - Stone Arrow           Conj/Erth      100%       3d13      1%          3
c - Lee's Rapid Deconstr  Erth           51%        3d25*     1%          5
d - Petrify               Tmut/Erth      78%        N/A       1%          4
e - Iron Shot             Conj/Erth      49%        9d9       1%          6

Your spell library contained the following spells:

 Spells                   Type           Power      Damage    Failure   Level
 Sandblast                Erth           100%       2d20      0%          1
 Passwall                 Tmut/Erth      65%        N/A       1%          2
 Static Discharge         Conj/Air       66%        N/A       1%          2
 Iskenderun's Battlesphe  Conj           95%        2d14      1%          5
 Dazzling Flash           Conj/Hex       100%       N/A       2%          3
 Bolt of Magma            Conj/Fire/Erth 40%        4d17      3%          5
 Fulminant Prism          Conj/Hex       33%        3d16      8%          4
 Beastly Appendage        Tmut           74%        N/A       10%         1
 Mephitic Cloud           Conj/Pois/Air  53%        N/A       10%         3
 Orb of Destruction       Conj           47%        9d15      11%         7
 Borgnjor's Vile Clutch   Necr/Erth      36%        N/A       12%         5
 Wereblood                Tmut           37%        N/A       16%         2
 Sting                    Tmut/Pois      96%        1d7       22%         1
 Animate Skeleton         Necr           24%        N/A       45%         1
 Apportation              Tloc           24%        N/A       45%         1
 Corona                   Hex            13%        N/A       45%         1
 Pain                     Necr           48%        1d6       45%         1
 Summon Small Mammal      Summ           48%        N/A       45%         1
 Spider Form              Tmut/Pois      12%        N/A       56%         3
 Call Imp                 Summ           12%        N/A       61%         2
 Ensorcelled Hibernation  Hex/Ice        24%        N/A       61%         2
 Poisonous Vapours        Pois/Air       24%        N/A       61%         2
 Ignite Poison            Fire/Tmut/Pois 20%        N/A       67%         3
 Conjure Ball Lightning   Conj/Air       33%        3x3d11    77%         6
 Call Canine Familiar     Summ           12%        N/A       83%         3
 Confusing Touch          Hex            12%        N/A       83%         3
 Gell's Gravitas          Tloc           6%         N/A       83%         3
 Summon Guardian Golem    Hex/Summ       12%        N/A       83%         3
 Tukima's Dance           Hex            12%        N/A       83%         3
 Vampiric Draining        Necr           6%         2d6       83%         3
 Ice Form                 Ice/Tmut       24%        N/A       92%         4
 Hydra Form               Tmut           18%        N/A       95%         5
 Animate Dead             Necr           6%         N/A       99%         4
 Olgreb's Toxic Radiance  Pois           12%        N/A       99%         4
 Summon Ice Beast         Ice/Summ       12%        N/A       99%         4
 Summon Lightning Spire   Summ/Air       12%        N/A       99%         4
 Yara's Violent Unravell  Hex/Tmut       12%        3d7       99%         5
 Freezing Cloud           Conj/Ice/Air   26%        6-21      99%         6
 Agony                    Necr           12%        N/A       100%        5
 Metabolic Englaciation   Hex/Ice        6%         N/A       100%        5
 Silence                  Hex/Air        6%         N/A       100%        5
 Shadow Creatures         Summ           N/A        N/A       100%        6
 Simulacrum               Ice/Necr       6%         N/A       100%        6
 Malign Gateway           Summ/Tloc      6%         N/A       100%        7
 Ozocubu's Refrigeration  Ice            6%         4d6       100%        7
 Spellforged Servitor     Conj/Summ      33%        N/A       100%        7
 Dragon's Call            Summ           6%         N/A       100%        9
 Tornado                  Air            6%         N/A       100%        9


Dungeon Overview and Level Annotations

Branches:
Dungeon (15/15)            Temple (0/1) D:7            Lair (6/6) D:11
  Swamp (4/4) Lair:4       Spider (4/4) Lair:2        Slime (0/5) Lair:5
    Orc (2/2) D:10            Elf (0/3) Orc:2        Vaults (4/5) D:13
  Crypt (0/3) Vaults:2     Depths (1/5) D:15          Sewer (visited)
Ossuary (visited)           IceCv (visited)         Desolation (visited)
Gauntlet (visited)

Altars:
Ashenzari
Gozag
Kikubaaqudgha
Okawaru
Qazlal
Ru
Uskayaw
Vehumet
Xom
Beogh
Jiyva

Shops:
D:5 *   D:8 [   D:13 *   D:15 (   Orc:1 !   Orc:2 :[=!(   Vaults:4 !

Portals:
Abyss: Depths:1

Annotations:
D:4 2 transporters
Depths:1 Louise


Innate Abilities, Weirdness & Mutations

You are immune to sickness and miasma.
Your stone body is resilient. (AC +16)
You are immune to poison.
Your large and strong wings let you fly.
You resist negative energy. (rN+)
You are resistant to electric shocks. (rElec)
You are resistant to unholy torment.
You are immune to petrification.
You have a beak for a mouth.
You have supernaturally acute eyesight. (SInv)


Message History

Aiming: Iron Shot (mildly dangerous; 1% risk of failure)
Press: ? - help, Shift-Dir - straight line, f/p - meliai
Aim: a meliai, wielding a +0 broad axe and wearing a +0 leather armour (heavily wounded, berserk, 66% to hit)
The iron shot hits the meliai!!!
You kill the meliai!
Qazlal accepts your kill. The meliai hits you but does no damage.
You block the meliai's attack.
A meliai comes into view. It is wielding a +0 war axe.
The green very ugly thing trunk-slaps you.
* * * LOW HITPOINT WARNING * * *
You block the meliai's attack. The meliai barely misses you.
You hear a horrible gurgling sound!
Casting: Iron Shot (mildly dangerous; 1% risk of failure)
Confirm with . or Enter, or press ? or * to list all spells.
Aiming: Iron Shot (mildly dangerous; 1% risk of failure)
Press: ? - help, Shift-Dir - straight line, f - meliai
Aim: a meliai, wielding a +0 war axe and wearing a +0 robe (berserk, 66% to hit)
The iron shot misses the meliai.
The iron shot hits the queen bee!!!
You kill the queen bee!
Qazlal accepts your kill.
You hear a horrible gurgling sound!
The meliai closely misses you. You block the meliai's attack.
The meliai hits you with a +0 war axe!
* * * LOW HITPOINT WARNING * * *
The meliai stings you but does no damage.
A green very ugly thing comes into view.
The green very ugly thing trunk-slaps you but does no damage.
The meliai hits you with a +0 war axe!
* * * LOW HITPOINT WARNING * * *
You feel more protected from physical attacks.
The meliai stings you but does no damage.
The green ugly thing is engulfed in blazing flames.
You are confused.
You feel invigorated. The meliai hits you but does no damage.
The meliai stings you but does no damage.
The meliai hits you but does no damage.
The meliai stings you but does no damage.
The meliai invokes the aid of its god against you.
Something smites you!
You die...

# ## # #
.#.. . .u
... (..#.#
... .. #..
... # # .. .
##u###†###)#
# .. .#
...#. .#..#
# . # #..
#.X.## # . .
. ##u# #2##
. . #.yy#u#
. #@# . .
###


You could see 3 very ugly things, a green ugly thing, a large abomination, a
hellion and 2 meliai.

Vanquished Creatures
  Saint Roka (Vaults:1)
  A bone dragon (Abyss:2)
  Asterion (Vaults:3)
  A titan (Vaults:1)
  Gastronok (D:8)
  A storm dragon (D:13)
  5 tentacled starspawn
  2 sphinxes
  Kirke (D:14)
  3 thorn hunters
  Frances (D:13)
  3 revenants (Vaults:2)
  A deep elf sorcerer (Vaults:1)
  15 vault wardens
  2 ghost moths (Spider:4)
  A frost giant (D:15)
  2 imperial myrmidons (Desolation)
  An iron dragon (Vaults:1)
  3 emperor scorpions (Spider:4)
  4 orc warlords
  12 very ugly things
  16 ironbound preservers
  A minotaur (Gauntlet)
  5 dire elephants
  2 halazid warlocks (Desolation)
  8 entropy weavers
  The ghost of Taxman66 the Zephyrmancer, a journeyman HuAE of Okawaru (D:14)
  2 bunyips
  2 spark wasps (Spider:3)
  Snorg (Orc:1)
  The ghost of nimbus123 the Thaumaturge, a journeyman DjAE of Makhleb (D:13)
  6 eleionomae
  2 ettins
  3 crystal guardians (Desolation)
  3 blizzard demons
  2 deep elf high priests
  A deep elf death mage (Vaults:1)
  2 eidola (Vaults:2)
  5 vault guards
  11 yaktaur captains
  2 great orbs of eyes
  Harold (D:10)
  7 boulder beetles
  6 ragged hierophants (Desolation)
  8 peacekeepers (Desolation)
  Erolcha (D:9)
  3 ironbound thunderhulks
  7 servants of whispers (Desolation)
  10 centaur warriors
  An ice dragon (D:13)
  3 ogre magi
  9 two-headed ogres
  Erica (D:8)
  A catoblepas (Lair:3)
  A death knight (Vaults:2)
  22 hydras
  2 ghost crabs
  6 ironbound frosthearts
  6 alligators
  8 death scarabs (Spider:4)
  2 vampire magi (Vaults:2)
  4 death yaks
  2 deep troll earth magi
  2 orc high priests
  2 tengu warriors (D:15)
  A spriggan berserker (Swamp:4)
  7 thrashing horrors
  6 ironbound beastmasters
  Nergalle (Orc:2)
  2 wretched stars (Abyss:3)
  A sun demon (Abyss:2)
  2 shadow wraiths
  A spectral emperor scorpion (Spider:4)
  4 goliath frogs
  4 skeletal warriors (D:13)
  A spatial maelstrom (Abyss:2)
  7 spriggan druids
  46 deep trolls
  11 swamp dragons
  2 glowing orange brains (Gauntlet)
  9 bog bodies
  3 spectral wolf spiders (Spider:4)
  A swamp dragon (shapeshifter) (Vaults:1)
  7 wizards
  25 ironbound convokers
  Pikel (D:4)
  A phantasmal warrior (Vaults:2)
  6 lindwurms
  2 wolf spider zombies (Spider:4)
  3 deep elf pyromancers
  9 orc knights
  3 harpies (Vaults:4)
  4 orb spiders
  41 ugly things
  7 cyclopes
  A shining eye (Gauntlet)
  9 orc sorcerers
  19 wolf spiders
  A faun (shapeshifter) (Abyss:2)
  4 will-o-the-wisps
  A moth of wrath (shapeshifter) (D:13)
  5 moths of wrath
  A manticore (D:11)
  An ice statue (IceCv)
  A salamander (shapeshifter) (D:13)
  A worldbinder (Abyss:2)
  Maurice (Orc:1)
  6 black mambas
  An apocalypse crab (Abyss:3)
  18 elephants
  A torpor snail (Lair:6)
  21 cane toads
  19 vault sentinels
  Joseph (D:7)
  3 smoke demons
  3 gargoyles
  11 rime drakes
  7 large abominations
  2 kobold demonologists (D:11)
  Maggie (D:7)
  3 anaconda simulacra (IceCv)
  5 redback zombies (Spider:4)
  8 demonic crawlers
  11 komodo dragons
  3 spectral redbacks (Spider:4)
  47 yaktaurs
  4 ice devils (IceCv)
  6 freezing wraiths
  4 meliai
  5 ancient zymes
  7 trolls
  5 bloated husks
  A wolf spider simulacrum (D:15)
  17 jumping spiders
  6 polar bears
  29 hornets
  A queen bee (Abyss:3)
  3 spectral jumping spiders (Spider:4)
  38 saltlings (Desolation)
  7 tyrant leeches
  5 spectral tarantellas
  8 blink frogs
  3 dream sheep
  2 tarantella zombies (Spider:4)
  12 raiju
  29 slime creatures
  2 jumping spider zombies (Spider:4)
  37 redbacks
  39 yaks
  3 shadows (D:11)
  39 spriggans
  7 wraiths
  6 fire bats (Abyss:2)
  A vampire (D:10)
  2 ynoxinuls (Abyss:2)
  11 wyverns
  A dire elephant simulacrum (IceCv)
  Eustachio (D:5)
  A human (D:11)
  A neqoxec (Abyss:3)
  9 basilisks
  27 tarantellas
  2 chaos spawn
  4 hogs
  4 steam dragons
  7 vampire mosquitoes
  Edmund (D:5)
  A spatial vortex (Abyss:2)
  A harpy simulacrum (IceCv)
  2 acid dragons (D:11)
  21 swamp worms
  4 wargs
  19 water moccasins
  5 hydra simulacra (IceCv)
  2 iron troll simulacra (IceCv)
  4 hell hounds
  A floating eye (Gauntlet)
  29 orc warriors
  13 swamp drakes
  A spectral hornet (Spider:4)
  5 black bears
  3 ettin simulacra (IceCv)
  An ice beast (D:5)
  A necrophage (D:7)
  4 boggarts (Lair:6)
  12 centaurs
  16 ogres
  27 wolves
  3 phantoms
  3 lemures (D:4)
  2 kobold brigands
  8 bullfrogs
  6 scorpions
  5 small abominations
  10 killer bees
  2 elephant simulacra (IceCv)
  3 howler monkeys
  4 electric eels
  9 centaur zombies
  A human zombie (Ossuary)
  5 draconian simulacra (IceCv)
  A jelly (Abyss:2)
  2 quasits (Abyss:3)
  A bullfrog skeleton (D:5)
  2 hounds
  2 gnoll shamans (D:8)
  18 orc priests
  Crazy Yiuf (D:7)
  An iron imp (Abyss:3)
  6 iguanas
  6 scorpion zombies (Ossuary)
  38 orc wizards
  5 hell rats (Lair:5)
  4 troll simulacra (IceCv)
  A wolf simulacrum (IceCv)
  2 polar bear simulacra (IceCv)
  3 centaur simulacra (IceCv)
  A hound skeleton (D:5)
  3 mummies (Ossuary)
  3 howler monkey zombies
  2 howler monkey skeletons
  9 gnolls
  12 adders
  3 ogre simulacra (IceCv)
  2 naga simulacra (IceCv)
  4 white imps
  An ufetubus (D:5)
  A worm (D:5)
  83 orcs
  10 ball pythons
  10 endoplasms
  8 giant cockroaches
  6 goblins
  7 hobgoblins
  12 jackals
  18 kobolds
  5 quokkas
  3 bats
  6 frilled lizards
  3 gnoll zombies (Ossuary)
  A goblin zombie (Ossuary)
  A hobgoblin zombie (Ossuary)
  2 kobold zombies (Ossuary)
  2 orc zombies (Ossuary)
  4 rats
  2 briar patches (Swamp:4)
  A lurking horror (Abyss:2)
  A pillar of salt (Desolation)
  2 starspawn tentacles
1638 creatures vanquished.

Vanquished Creatures (collateral kills)
  The ghost of RazingBull the Impregnable, an adept MiHu of the Shining One (Vaults:2)
  An eidolon (Vaults:2)
  A hydra (D:11)
  A wizard (Vaults:3)
  An ugly thing (Vaults:3)
  A cane toad (Lair:6)
  A shadow (Vaults:2)
  3 wolves (Lair:6)
  An orc (D:5)
11 creatures vanquished.

Vanquished Creatures (others)
  A lorocyproca (Abyss:3)
  A dire elephant (Lair:3)
  An ironbound convoker (Vaults:2)
  3 wizards
  A yaktaur (Vaults:2)
  A hornet (Swamp:1)
  2 saltlings (Desolation)
  A basilisk (Lair:5)
  A spriggan (Swamp:1)
  3 humans (D:14)
  A swamp drake (Swamp:4)
  A scorpion (Ossuary)
  7 white imps (IceCv)
  5 ufetubi (IceCv)
  2 orcs
  A briar patch (Swamp:4)
  2 foxfires (Swamp:2)
  45 fungi
  A pillar of salt (Desolation)
  96 plants
  13 starspawn tentacles
  8 toadstools (Lair:3)
197 creatures vanquished.

Grand Total: 1846 creatures vanquished

Notes
Turn   | Place    | Note
-------+----------+-------------------------------------------
     0 | D:1      | GeorgeSoros the Gargoyle Earth Elementalist began the quest
                  | for the Orb.
     0 | D:1      | Reached XP level 1. HP: 10/10 MP: 3/3
     6 | D:1      | Noticed a water moccasin
     6 | D:1      | Noticed a hog
     6 | D:1      | Noticed an eight-headed hydra
   264 | D:1      | Reached skill level 1 in Fighting
   264 | D:1      | Reached skill level 4 in Earth Magic
   264 | D:1      | Reached XP level 2. HP: 16/16 MP: 0/5
   685 | D:1      | Reached XP level 3. HP: 21/21 MP: 3/6
  1044 | D:1      | Found a faded altar of an unknown god.
  1949 | D:2      | Reached XP level 4. HP: 27/27 MP: 5/7
  1953 | D:2      | Learned a level 3 spell: Stone Arrow
  2381 | D:2      | Found a stormy altar of Qazlal.
  2389 | D:2      | Reached skill level 5 in Earth Magic
  2411 | D:2      | Became a worshipper of Qazlal Stormbringer
  3119 | D:3      | Reached skill level 1 in Conjurations
  3227 | D:3      | Found a glowing drain.
  3236 | Sewer    | Entered a sewer
  3284 | Sewer    | Reached XP level 5. HP: 17/32 MP: 3/8
  3791 | Sewer    | Reached XP level 6. HP: 13/38 MP: 2/9
  3795 | Sewer    | Reached * piety under Qazlal
  4471 | D:3      | Reached skill level 6 in Earth Magic
  5250 | D:4      | Reached XP level 7. HP: 44/44 MP: 4/10
  5447 | D:4      | Found a transporter.
  5459 | D:4      | Found a transporter.
  5559 | D:4      | Found a sand-covered staircase.
  5563 | Ossuary  | Entered an ossuary
  5870 | Ossuary  | Reached skill level 5 in Fighting
  5888 | Ossuary  | Reached skill level 7 in Earth Magic
  6037 | Ossuary  | Reached ** piety under Qazlal
  6174 | Ossuary  | Reached XP level 8. HP: 50/50 MP: 8/11
  6315 | Ossuary  | Reached skill level 5 in Conjurations
  7088 | D:4      | Noticed Pikel
  7110 | D:4      | Killed Pikel
  7111 | D:4      | Reached skill level 8 in Earth Magic
  7393 | D:4      | Reached XP level 9. HP: 31/57 MP: 12/12
  7627 | D:4      | Learned a level 5 spell: Lee's Rapid Deconstruction
  7643 | D:5      | Entered Level 5 of the Dungeon
  7648 | D:5      | Noticed Eustachio
  7656 | D:5      | Killed Eustachio
  7657 | D:5      | Reached skill level 9 in Earth Magic
  7657 | D:5      | Noticed Edmund
  7674 | D:5      | Killed Edmund
  7745 | D:5      | Reached *** piety under Qazlal
  7746 | D:5      | Reached skill level 1 in Maces & Flails
  7746 | D:5      | Reached skill level 1 in Invocations
  8037 | D:5      | Found Ulecvyma's Assorted Antiques.
  8045 | D:5      | Bought a scroll labelled BEISUVUSTRU for 21 gold pieces
  8363 | D:5      | Reached skill level 10 in Earth Magic
  8414 | D:5      | Identified a scroll of acquirement
  8414 | D:5      | Acquired the amulet of Viorashru {Faith rElec Regen+ Dex+3}
  8932 | D:6      | Reached **** piety under Qazlal
  8967 | D:6      | Reached XP level 10. HP: 64/64 MP: 5/13
  9007 | D:6      | Reached skill level 5 in Invocations
  9009 | D:6      | Reached skill level 11 in Earth Magic
  9388 | D:6      | Reached skill level 5 in Maces & Flails
  9723 | D:7      | Noticed Joseph
  9736 | D:7      | Killed Joseph
  9781 | D:7      | Noticed Maggie
  9784 | D:7      | Learned a level 4 spell: Petrify
  9842 | D:7      | Reached skill level 1 in Transmutations
  9895 | D:7      | Killed Maggie
 10088 | D:7      | Found a staircase to the Ecumenical Temple.
 10275 | D:7      | Found a runed translucent door.
 10276 | D:7      | Noticed Crazy Yiuf
 10281 | D:7      | Killed Crazy Yiuf
 10342 | D:8      | Noticed Erica
 10348 | D:8      | Reached ***** piety under Qazlal
 10435 | D:7      | Upgraded the game from 0.27-a0-1147-gb3d8e82 to
                  | 0.27-a0-1149-g4505690
 10800 | D:8      | Killed Erica
 10801 | D:8      | Reached XP level 11. HP: 67/68 MP: 11/16
 10852 | D:8      | Identified Sif Muna's Volume of the Snowflakes
 11004 | D:8      | Reached skill level 12 in Earth Magic
 11005 | D:8      | Noticed Gastronok
 11248 | D:8      | Found Kiethant's Armour Boutique.
 11254 | D:8      | Bought a +0 cloak of willpower for 138 gold pieces
 11479 | D:8      | Found a broken altar of Ashenzari.
 11504 | D:8      | Killed Gastronok
 11778 | D:9      | Noticed Erolcha
 11785 | D:9      | Killed Erolcha
 11899 | D:9      | Noticed a two-headed ogre
 11928 | D:9      | Killed a two-headed ogre
 12098 | D:9      | Identified the +5 dagger of Megalomania {vorpal, rF++}
 12465 | D:10     | Entered Level 10 of the Dungeon
 12728 | D:10     | Found a staircase to the Orcish Mines.
 12778 | D:10     | Noticed a cyclops
 12793 | D:10     | Killed a cyclops
 13017 | D:10     | Reached skill level 13 in Earth Magic
 13528 | D:10     | Upgraded the game from 0.27-a0-1149-g4505690 to
                  | 0.27-a0-1158-gaa87e14
 13584 | D:11     | Reached XP level 12. HP: 73/73 MP: 8/18
 13720 | D:11     | Noticed a boulder beetle
 13741 | D:11     | Noticed a two-headed ogre
 13744 | D:11     | Killed a boulder beetle
 13813 | D:10     | Killed a two-headed ogre
 14010 | D:11     | Found a staircase to the Lair.
 14154 | D:11     | Noticed an eight-headed hydra
 14154 | D:11     | Noticed a two-headed ogre
 14154 | D:11     | Noticed a boulder beetle
 14159 | D:11     | Noticed a two-headed ogre
 14163 | D:11     | Killed a two-headed ogre
 14166 | D:11     | Killed an eight-headed hydra
 14167 | D:11     | Reached skill level 10 in Invocations
 14177 | D:11     | Killed a two-headed ogre
 14208 | D:11     | Killed a boulder beetle
 14367 | D:11     | Reached skill level 14 in Earth Magic
 14372 | D:11     | Noticed a six-headed hydra
 14376 | D:11     | Killed a six-headed hydra
 14572 | D:11     | Noticed a four-headed hydra
 14581 | D:11     | Killed a four-headed hydra
 14624 | D:11     | Noticed a deep troll earth mage
 14660 | D:11     | Killed a deep troll earth mage
 14763 | D:11     | Noticed a two-headed ogre
 14775 | D:11     | Killed a two-headed ogre
 14776 | D:11     | Reached XP level 13. HP: 61/79 MP: 7/21
 15089 | D:11     | Found a sacrificial altar of Ru.
 15958 | Lair:1   | Entered Level 1 of the Lair of Beasts
 15988 | Lair:1   | You fall into a shaft and drop 1 floor!
 16010 | Lair:2   | Found a gate leading to a gauntlet.
 16019 | Gauntlet | Entered a Gauntlet
 16019 | Gauntlet | Found a transporter.
 16072 | Gauntlet | Found a transporter.
 16087 | Gauntlet | Found a transporter.
 16092 | Gauntlet | Found a transporter.
 16109 | Gauntlet | Found a transporter.
 16126 | Gauntlet | Found a transporter.
 16138 | Gauntlet | Found a transporter.
 16206 | Gauntlet | Found a transporter.
 16215 | Gauntlet | Found a transporter.
 16215 | Gauntlet | Found a transporter.
 16228 | Gauntlet | Found a large runed translucent door.
 16229 | Gauntlet | Found a large runed translucent door.
 16230 | Gauntlet | Found a large runed translucent door.
 16230 | Gauntlet | Found a large runed translucent door.
 16231 | Gauntlet | Found a runed translucent gate.
 16232 | Gauntlet | Found a transporter.
 16232 | Gauntlet | Found a runed translucent gate.
 16233 | Gauntlet | Found a runed translucent gate.
 16234 | Gauntlet | Found a large runed translucent door.
 16234 | Gauntlet | Found a large runed translucent door.
 16234 | Gauntlet | Found a runed translucent door.
 16234 | Gauntlet | Found a runed translucent door.
 16235 | Gauntlet | Found a large runed translucent door.
 16236 | Gauntlet | Found a large runed translucent door.
 16238 | Gauntlet | Found a transporter.
 16243 | Gauntlet | Found a large runed translucent door.
 16243 | Gauntlet | Found a large runed translucent door.
 16244 | Gauntlet | Found a large runed translucent door.
 16245 | Gauntlet | Found a large runed translucent door.
 16253 | Gauntlet | Found a transporter.
 16270 | Gauntlet | Found a transporter.
 16284 | Gauntlet | Found a large runed translucent door.
 16285 | Gauntlet | Found a large runed translucent door.
 16286 | Gauntlet | Found a large runed translucent door.
 16286 | Gauntlet | Found a large runed translucent door.
 16290 | Gauntlet | Found a transporter.
 16315 | Gauntlet | Found a transporter.
 16317 | Gauntlet | Found a transporter.
 16337 | Gauntlet | Found a transporter.
 16543 | Gauntlet | Identified the +1 pair of boots of Mypsass {rPois Will-
                  | SInv}
 16573 | Gauntlet | Noticed a minotaur
 16587 | Gauntlet | Killed a minotaur
 16809 | Lair:2   | Found a hole to the Spider Nest.
 16835 | Lair:2   | Reached skill level 15 in Earth Magic
 17180 | Lair:1   | Reached skill level 10 in Conjurations
 17190 | Lair:1   | Learned a level 6 spell: Iron Shot
 17642 | Lair:1   | Reached skill level 10 in Fighting
 17642 | Lair:1   | Reached skill level 1 in Evocations
 18379 | Lair:2   | Gained mutation: Your large and strong wings let you fly.
                  | [Gargoyle growth]
 18379 | Lair:2   | Reached XP level 14. HP: 67/88 MP: 17/23
 20031 | Lair:3   | Found a runed translucent door.
 20045 | Lair:3   | Reached ****** piety under Qazlal
 20149 | Lair:3   | Noticed a dire elephant
 20164 | Lair:3   | Killed a dire elephant
 20293 | Lair:3   | Identified the +3 long sword "Jiatwepp" {flame, Will- rCorr
                  | Int+6}
 20789 | Lair:4   | Reached skill level 16 in Earth Magic
 21558 | Lair:4   | Found a staircase to the Swamp.
 22613 | Lair:4   | Reached XP level 15. HP: 79/92 MP: 1/25
 23144 | Lair:5   | Found a viscous altar of Jiyva.
 23145 | Lair:5   | Found a staircase to the Slime Pits.
 23560 | Lair:6   | Entered Level 6 of the Lair of Beasts
 24067 | Lair:6   | Reached skill level 17 in Earth Magic
 24075 | Lair:6   | Reached skill level 5 in Armour
 25657 | Orc:1    | Entered Level 1 of the Orcish Mines
 25657 | Orc:1    | Found a shimmering altar of Xom.
 25662 | Orc:1    | Noticed Harold
 25793 | D:10     | Killed Harold
 25968 | Orc:2    | Entered Level 2 of the Orcish Mines
 25968 | Orc:2    | Noticed an orc warlord
 26367 | Orc:1    | Killed an orc warlord
 27241 | Orc:2    | Found a staircase to the Elven Halls.
 27261 | Orc:2    | Found Vexeu's Book Shop.
 27746 | Orc:2    | Found Idyoggef's Jewellery Shop.
 27766 | Orc:2    | Found an ancient bone altar of Kikubaaqudgha.
 27767 | Orc:2    | Noticed Nergalle
 27791 | Orc:2    | Killed Nergalle
 27902 | Orc:2    | Found a radiant altar of Vehumet.
 28063 | Orc:2    | Found Meawuf's Antique Weapon Shop.
 28068 | Orc:2    | Paralysed by an orc sorcerer for 7 turns
 28076 | Orc:2    | Reached XP level 16. HP: 93/97 MP: 20/26
 28107 | Orc:2    | Paralysed by an orc sorcerer for 4 turns
 28331 | Orc:2    | Found Liveugytt's Antique Armour Boutique.
 28341 | Orc:2    | Found Zihylij's Distillery.
 28378 | Orc:2    | Bought a smoking dire flail for 324 gold pieces
 28378 | Orc:2    | Identified the +1 dire flail of Balance {vorpal, rPois
                  | rCorr Int-2 Stlth+} (You bought it in a shop on level 2 of
                  | the Orcish Mines)
 28457 | Orc:1    | Noticed Maurice
 28462 | Orc:1    | Killed Maurice
 28462 | Orc:1    | Noticed Snorg
 28471 | Orc:1    | Killed Snorg
 28640 | Orc:1    | Found Woat's Distillery.
 29495 | D:12     | Acquired 804 gold pieces
 29664 | Orc:2    | Bought the ring "Tyrraow" {*Corrode Will+ Str+3 Int+2} for
                  | 405 gold pieces
 29723 | Orc:2    | Bought a manual of Evocations for 1766 gold pieces
 30041 | D:13     | Reached skill level 18 in Earth Magic
 30273 | D:13     | Reached skill level 15 in Invocations
 30463 | D:13     | Noticed Frances
 30482 | D:13     | Killed Frances
 30483 | D:13     | Reached skill level 5 in Evocations
 31238 | D:13     | Found a runed translucent gate.
 31239 | D:13     | Found a runed translucent gate.
 31239 | D:13     | Found a runed translucent gate.
 31240 | D:13     | Found an opulent altar of Gozag.
 31241 | D:13     | Noticed nimbus123's ghost (journeyman DjAE)
 31241 | D:13     | Noticed a storm dragon
 31242 | D:13     | Found Ecsijenu's Assorted Antiques.
 31539 | D:13     | Found a gate to the Vaults.
 31822 | D:13     | Killed nimbus123's ghost
 31836 | D:13     | Killed a storm dragon
 31948 | D:13     | Bought a pink potion for 30 gold pieces
 32148 | Swamp:1  | Entered Level 1 of the Swamp
 33755 | Swamp:1  | Noticed a thorn hunter
 33761 | Swamp:1  | Killed a thorn hunter
 34292 | Swamp:2  | Found a frozen archway.
 34298 | IceCv    | Entered an ice cave
 34305 | IceCv    | Reached XP level 17. HP: 102/102 MP: 28/28
 35574 | IceCv    | Identified the +1 pair of boots of Huttugov {Rampage rC+
                  | Will-}
 36252 | Swamp:2  | Reached skill level 5 in Spellcasting
 37080 | Swamp:3  | Reached skill level 10 in Armour
 38299 | Swamp:4  | Entered Level 4 of the Swamp
 40577 | Swamp:4  | Reached skill level 15 in Conjurations
 40577 | Swamp:4  | Reached skill level 19 in Earth Magic
 40863 | Swamp:4  | Got a decaying rune of Zot
 41128 | Spider:1 | Entered Level 1 of the Spider Nest
 41129 | Spider:1 | Upgraded the game from 0.27-a0-1158-gaa87e14 to
                  | 0.27-a0-1177-g245c70e
 41142 | Spider:1 | Reached XP level 18. HP: 108/108 MP: 12/29
 41704 | Spider:1 | Found a hide-covered altar of Uskayaw.
 44306 | Spider:4 | Entered Level 4 of the Spider Nest
 45916 | Spider:3 | Acquired a +2 cloak of preservation
 47620 | Spider:4 | Got a gossamer rune of Zot
 47919 | Vaults:1 | Entered Level 1 of the Vaults
 48150 | Vaults:1 | Reached XP level 19. HP: 84/116 MP: 3/30
 48209 | Vaults:1 | Reached skill level 20 in Earth Magic
 48229 | Vaults:1 | Found a ruined gateway.
 48241 | Desolati | Entered the Desolation of Salt
 48773 | Desolati | Identified the +3 leather armour of the Known World
                  | {*Corrode Regen+ Int+4}
 48921 | Desolati | Identified Urees's Tome of Hurtful Weightlessness
 48925 | Desolati | Identified the ring "Sarphanu" {rPois rCorr SInv}
 49139 | Desolati | Identified the +5 plate armour of Moabb {Harm rCorr Int+2
                  | Dex-2}
 49220 | Desolati | Identified the +2 leather armour of the Worm {*Slow Will++
                  | rCorr Int+4}
 49549 | Desolati | Identified the ring "Jimogic" {rC+ SInv}
 49552 | Desolati | Identified the +7 trident of Rych {vorpal, rN+}
 49562 | Desolati | Identified the +2 robe "Kiyzxuup" {Str+7}
 49564 | Desolati | Identified Sif Muna's Almanac of the Creative Blaze
 50930 | Vaults:1 | Reached skill level 21 in Earth Magic
 51087 | Vaults:1 | Reached XP level 20. HP: 61/122 MP: 9/32
 51441 | Vaults:1 | Found the +8 glaive of the Guard {elec, spectral, AC+5}
 51621 | Vaults:1 | Identified the +2 hand crossbow "Xoqoidd" {speed, Dex+5}
 52991 | Vaults:2 | Noticed Saint Roka
 53206 | Vaults:1 | Killed Saint Roka
 53337 | Vaults:2 | Paralysed by an orc sorcerer for 6 turns
 54304 | Vaults:2 | Identified the +1 ring mail "Piphedd" {Will+}
 55502 | Vaults:2 | Found a staircase to the Crypt.
 55518 | Vaults:2 | Found a runed translucent gate.
 55519 | Vaults:2 | Found a runed translucent gate.
 55519 | Vaults:2 | Found a runed translucent gate.
 55519 | Vaults:2 | Noticed RazingBull's ghost (adept MiHu)
 56236 | Vaults:2 | Learned a level 4 spell: Animate Armour
 56242 | Vaults:2 | Killed RazingBull's ghost
 56676 | Vaults:3 | Identified the +2 leather armour of the Arcane {rC+}
 56752 | Vaults:3 | Reached skill level 22 in Earth Magic
 56905 | Vaults:3 | Reached XP level 21. HP: 90/127 MP: 10/33
 57182 | Vaults:3 | Noticed Asterion
 57198 | Vaults:3 | Killed Asterion
 57896 | Vaults:3 | Cast into level 2 of the Abyss (a wizard)
 58302 | Abyss:2  | Noticed a bone dragon
 58321 | Abyss:2  | Killed a bone dragon
 58324 | Vaults:3 | Escaped the Abyss
 58716 | Vaults:3 | Reached skill level 10 in Evocations
 60064 | Vaults:4 | Acquired 528 gold pieces
 60724 | Vaults:4 | Reached skill level 23 in Earth Magic
 60724 | Vaults:4 | Reached XP level 22. HP: 132/132 MP: 25/34
 61493 | Vaults:4 | Identified the +4 plate armour "Suank" {rF++ Int+5}
 61711 | Vaults:4 | Paralysed by a sphinx for 5 turns
 61722 | Vaults:4 | Paralysed by a sphinx for 5 turns
 61911 | Vaults:4 | Found Ceek's Distillery.
 61920 | Vaults:4 | Bought a potion of might for 64 gold pieces
 61920 | Vaults:4 | Bought a potion of mutation for 128 gold pieces
 61920 | Vaults:4 | Bought 2 potions of brilliance for 128 gold pieces
 62755 | D:14     | Found a flickering gateway to a bazaar.
 62787 | Bazaar   | Entered a bazaar
 62787 | Bazaar   | Found Woumyan's Antique Armour Shoppe.
 62787 | Bazaar   | Found Osua's Antique Weapon Shoppe.
 62788 | Bazaar   | Found Fefa's Armour Emporium.
 62788 | Bazaar   | Found Xaanaom's Jewellery Emporium.
 63003 | D:14     | Noticed Kirke
 63006 | D:14     | Killed Kirke
 63096 | D:14     | Noticed Taxman66's ghost (journeyman HuAE)
 63097 | D:14     | Found a runed translucent gate.
 63097 | D:14     | Identified the +1 plate armour of the Battered Mouths
                  | {rElec rF- Dex+3}
 63113 | D:14     | Found a runed translucent gate.
 63113 | D:14     | Found a runed translucent gate.
 63115 | D:14     | Identified the +10 hand crossbow of Execution {flame,
                  | Int+8}
 63117 | D:14     | Identified the ring of Kideing {rC+ rN+ Int-5 Dex+3}
 63147 | D:14     | Killed Taxman66's ghost
 63169 | D:14     | Identified the +0 hat "Dautu" {-Cast rElec rCorr}
 63563 | D:14     | Found an iron altar of Okawaru.
 63827 | D:15     | Entered Level 15 of the Dungeon
 64004 | D:15     | Found Tucagh's Antique Weapon Emporium.
 64319 | D:15     | Found a staircase to the Depths.
 64866 | Depths:1 | Entered Level 1 of the Depths
 64866 | Depths:1 | Found a one-way gate to the infinite horrors of the Abyss.
 64869 | Depths:1 | Noticed Louise
 64872 | Depths:1 | Cast into level 3 of the Abyss (Louise)
 64964 | Abyss:3  | Gained mutation: You have a beak for a mouth. [potion of
                  | mutation]
 64964 | Abyss:3  | Gained mutation: You have supernaturally acute eyesight.
                  | (SInv) [potion of mutation]
 65103 | Abyss:3  | Killed from afar by a meliai

Illustrated notes

Levels and vault maps discovered:
D:1:      onia_arrival_zoo_common, layout_basic,
          chequers_ecumenical_altar_simple, kennysheep_boxes
D:2:      layout_loops_corners, basic_altar, dk_noncrumbling_2
D:3:      layout_basic, portal_sewer_entry_d, bh_walls_and_bars
D:4:      gammafunk_wand_slinger, layout_basic,
          lightli_ossuary_entry_decrepit_ruins, uniq_pikel
D:5:      layout_loops_ring, serial_shops, shop, minmay_increasing_density,
          uniq_eustachio, uniq_edmund
D:6:      layout_rooms, hangedman_decor_lopped
D:7:      layout_rooms, minmay_temple_entry_from_below_a,
          uniq_crazy_yiuf_cottage, uniq_joseph, uniq_maggie
D:8:      layout_basic, old_standard_altar, serial_shops,
          nicolae_shop_statue_plus, uniq_erica, uniq_gastronok
D:9:      layout_rooms, uniq_erolcha
D:10:     cheibrodos_steamvent, layout_loops_ring, david_orc_4
D:11:     nzn_winding_woodlands_cross [nzn_winding_woodlands_5x15_sidewinder,
          nzn_winding_woodlands_5x15_cabin,
          nzn_winding_woodlands_5x15_longhouse,
          nzn_winding_woodlands_5x15_pathside_ponds,
          nzn_winding_woodlands_15x15_five_gardens], layout_loops_ring,
          grunt_livestock, nicolae_ru_great_annihilating_truth
D:12:     layout_big_octagon, kennysheep_just_a_vault
D:13:     wander_river, layout_loops_ring, david_vaults_4, ebering_ghost_gozag,
          nrook_uturn, uniq_frances
D:14:     layout_loops_corners, serial_shops, bzr_firewalk,
          biasface_ghost_orc_armoury, okawaru_ov_weapons_minmay, uniq_kirke
D:15:     grunt_enter_depths_snipers, layout_irregular_city, serial_park_tiny_1,
          serial_shops, nicolae_shop_crystal, minmay_misc_feat_columns
Lair:1:   layout_gridlike, chequers_serial_rivers_room_b,
          minmay_shattered_shrine, grunt_megastairs_1
Lair:2:   layout_cave_pods, dummy_spider_entry, gauntlet_entry_generic
Lair:3:   gammafunk_lair_enchanted_lake, layout_chaotic_city, grunt_megastairs_3
Lair:4:   layout_roguey, nicolae_swamp_entry_splash_gauntlet
Lair:5:   layout_long_grid, slime_altar_1, special_room
          [special_room_mythical_zoo]
Lair:6:   minmay_lair_end_enchanted_forest, layout_loops_ring,
          serial_bayou_crossing
Swamp:1:  layout_basic_swamp, evilmike_swamp_ruin_house_5, swamp_pool4,
          nicolae_swamp_no_escape
Swamp:2:  layout_basic_swamp, portal_ice_cave_entry_pillars_four,
          serial_swamp_ruin, evilmike_swamp_ruin_house_3,
          evilmike_swamp_ruin_rubble_1, evilmike_swamp_ruin_house_4
Swamp:3:  layout_basic_swamp, hangedman_swamp_blocks
Swamp:4:  swamp_basic_johnstein, layout_basic_swamp, swamp_pool1
Spider:1: layout_spider_delve, nicolae_spider_circle_web,
          nicolae_spider_altar_of_dancing
Spider:2: layout_spider_delve, drop_trap
Spider:3: layout_spider_delve
Spider:4: floodkiller_spider_rune_tomb, spiders_nest_hornet_nest
Orc:1:    layout_caves, serial_shops, nicolae_shop_trees, basic_altar,
          nicolae_orc_lava_room, uniq_maurice, uniq_snorg, uniq_harold
Orc:2:    kennysheep_orc_mage_school, layout_caves, serial_shops, shop,
          basic_altar
Vaults:1: hangedman_vaults_pinch, ontoclasm_vaults_loading_screen,
          hangedman_vaults_river_flow, minmay_guarded_unrand_guard_vaults,
          v_misc_26, vaults_room_fours, vaults_dpeg_spiral,
          nicolae_vaults_alarming, nicolae_vaults_little_squares_5,
          vaults_room_pools, layout_vaults_quadrants,
          portal_desolation_entry_nicolae_slug
Vaults:2: gammafunk_vaults_ghost_spectres, vaults_mumra_chevron_long,
          nicolae_vaults_yaktaur_gun_rack, nicolae_vaults_network_quinsquares
          [nicolae_vaults_network_quincunx_subvault,
          nicolae_vaults_network_quincunx_subvault,
          nicolae_vaults_network_quincunx_subvault,
          nicolae_vaults_network_quincunx_subvault], hangedman_vaults_impose,
          minmay_crypt_entry_simple_round, nicolae_vaults_ring_of_whatevers,
          nicolae_vaults_network_star, ontoclasm_vaults_ring_square,
          vaults_dpeg_hooks, nicolae_vaults_what_the_h,
          nicolae_vaults_shelves_hall, v_misc_18, vaults_room_fours,
          layout_vaults_big_cross, uniq_saint_roka
Vaults:3: vaults_room_large_hall, v_alt_pattern_5, vaults_mumra_hexcomb,
          nicolae_vaults_little_squares_4, nicolae_vaults_sealed_display,
          grunt_vaults_focal, vaults_room_pool, ontoclasm_vaults_gateway,
          v_misc_3, nicolae_vaults_shelves_hall, v_misc_11,
          nicolae_vaults_little_squares_4, nicolae_vaults_little_squares_4,
          hangedman_vaults_slice, layout_vaults_maze_bifur, uniq_asterion
Vaults:4: v_misc_15, hangedman_vaults_slice, hangedman_vaults_stagger,
          grunt_vaults_trifunnel, vaults_room_grunt_arrival_ludios,
          nicolae_vaults_big_ls, v_rooms_1, v_alt_pattern_4,
          nicolae_vaults_circle_grid_a, st_check, nicolae_vaults_rhombus_7,
          nicolae_vaults_little_squares_5, layout_vaults_omnibox, serial_shops,
          shop
Depths:1: layout_forbidden_donut, nicolae_abyss_entry_one_way_or_another,
          hangedman_geh_valley, kennysheep_big_empty_room, st_stairs_3,
          grunt_gozag_statues
Abyss:3:  base: Lair:1, grunt_abyss_rune_wretched_hive

Skill      XL: |  1  2  3  4  5  6  7  8  9 10 11 12 13 14 15 16 17 18 19 20 21 22 |
---------------+-------------------------------------------------------------------+-----
Fighting       | 1 2 3 4 5 7 8 10 12 | 12.1
Earth Magic    | 4 5 6 7 8 10 11 13 14 15 16 17 18 19 21 22 23 | 23.6
Conjurations   | 1 2 3 4 6 8 10 12 13 14 15 16 17 18 19 20 | 20.3
Maces & Flails | 4 6 |  6.7
Invocations    | 4 7 9 10 12 13 14 15 16 17 18 | 18.5
Transmutations | 2 4 |  4.0
Armour         | 2 4 6 7 12 13 | 13.2
Spellcasting   | 4 6 8 |  8.0
Evocations     | 2 4 7 11 12 | 12.0
Dodging        | 2 |  2.0
Stealth        | |  2.1

Action                   |  1- 3 |  4- 6 |  7- 9 | 10-12 | 13-15 | 16-18 | 19-21 | 22-24 || total
-------------------------+-------+-------+-------+-------+-------+-------+-------+-------++-------
Melee: Spear             |    94 |       |       |       |       |       |       |       ||    94
       Dagger            |     6 |   112 |   126 |       |       |       |       |       ||   244
       Unarmed           |       |       |    16 |       |       |       |       |       ||    16
       Whip              |       |       |    86 |       |       |       |       |       ||    86
       Dire flail        |       |       |    47 |   364 |   829 |  1081 |  1131 |   524 ||  3976
       Peck              |       |       |       |       |       |       |       |     5 ||     5
 Cast: Sandblast         |    16 |    37 |   100 |    30 |     1 |       |       |       ||   184
       Stone Arrow       |       |       |     6 |    61 |   362 |    51 |     1 |     1 ||   482
       Lee's Rapid Decon |       |       |       |    12 |     3 |    12 |    24 |    26 ||    77
       Petrify           |       |       |       |     8 |     4 |     5 |     2 |       ||    19
       Iron Shot         |       |       |       |       |    12 |   329 |   289 |    74 ||   704
       Animate Armour    |       |       |       |       |       |       |     4 |       ||     4
Invok: Upheaval          |       |       |       |     5 |     4 |     8 |     9 |     1 ||    27
       Elemental Force   |       |       |       |     1 |     1 |       |       |       ||     2
       Disaster Area     |       |       |       |     1 |       |     1 |     5 |     1 ||     8
Evoke: Wand              |       |       |       |     1 |     1 |     6 |    11 |     2 ||    21
       Lightning rod     |       |       |       |       |       |    16 |    21 |     4 ||    41
       Condenser vane    |       |       |       |       |       |       |     1 |     1 ||     2
  Use: Scroll            |       |     7 |     8 |     9 |     8 |     8 |     5 |     3 ||    48
       Potion            |       |       |       |     1 |     4 |       |     9 |     7 ||    21
 Stab: Sleeping          |     4 |       |       |       |       |       |       |       ||     4
       Distracted        |       |       |     1 |     1 |       |       |       |       ||     2
       Petrified         |       |       |       |    24 |     8 |    14 |     7 |       ||    53
       Petrifying        |       |       |       |       |       |     1 |       |       ||     1
Armor: Robe              |    25 |    47 |   141 |    41 |       |       |       |       ||   254
       Skin              |       |       |     1 |     1 |       |       |       |       ||     2
       Acid dragon scale |       |       |       |   133 |   723 |   381 |       |       ||  1237
       Steam dragon scal |       |       |       |     2 |       |       |       |       ||     2
       Storm dragon scal |       |       |       |       |       |  1005 |  1235 |   756 ||  2996
Dodge: Dodged            |    53 |    79 |   161 |   181 |   564 |   681 |   461 |   239 ||  2419
       Repelled          |       |       |       |       |     9 |    19 |     6 |     5 ||    39
Block: Other             |       |     2 |    38 |    86 |   434 |   611 |   502 |   271 ||  1944

Table legend: (Time is in decaauts)
 A = Elapsed time spent in this place.
 B = Non-inter-level travel time spent in this place.
 C = Inter-level travel time spent in this place.
 D = Time resting spent in this place.
 E = Time spent auto-exploring this place.
 F = Levels seen in this place.
 G = Mean time per level.
                   A        B        C        D        E       F      G
               +--------+--------+--------+--------+--------+-----+--------+
         Total |  65348 |  61623 |   3725 |   5876 |  43034 |  44 | 1485.2 |
       Dungeon |  19464 |  18231 |   1233 |    738 |  13959 |  15 | 1297.6 |
          Lair |   9410 |   8575 |    835 |    576 |   6594 |   6 | 1568.3 |
         Swamp |   7221 |   6843 |    378 |    530 |   5232 |   4 | 1805.2 |
   Spider Nest |   6567 |   6066 |    501 |   1511 |   3471 |   4 | 1641.8 |
  Orcish Mines |   3357 |   3016 |    341 |    490 |   1906 |   2 | 1678.5 |
        Vaults |  12718 |  12282 |    436 |   1828 |   7479 |   4 | 3179.5 |
        Depths |      5 |      5 |      0 |      0 |      0 |   1 |    5.0 |
         Abyss |    657 |    657 |      0 |      0 |    171 |   2 |  328.5 |
        Bazaar |     30 |     30 |      0 |      0 |     17 |   1 |   30.0 |
         Sewer |   1114 |   1114 |      0 |     28 |    936 |   1 | 1114.0 |
       Ossuary |   1100 |   1100 |      0 |      0 |    831 |   1 | 1100.0 |
      Ice Cave |   1478 |   1478 |      0 |      0 |   1061 |   1 | 1478.0 |
    Desolation |   1464 |   1464 |      0 |     56 |    984 |   1 | 1464.0 |
      Gauntlet |    755 |    755 |      0 |    119 |    393 |   1 |  755.0 |
               +--------+--------+--------+--------+--------+-----+--------+

Top non-repeatable levels by time:
Vaults:1: 3963 daAuts
Vaults:3: 3179 daAuts
Vaults:2: 3166 daAuts
Spider:3: 2956 daAuts
Vaults:4: 2410 daAuts
    D:11: 2312 daAuts
 Swamp:1: 2191 daAuts
  Lair:4: 2143 daAuts
 Swamp:4: 1945 daAuts
     D:1: 1919 daAuts
   Orc:2: 1892 daAuts
Spider:4: 1863 daAuts
    D:13: 1788 daAuts
  Lair:6: 1757 daAuts
 Swamp:3: 1664 daAuts
